 Dungeon Crawl Stone Soup version 0.28.0-53-g5a82cb258f (webtiles) character file.

Game seed: 6250086773008488906

3643 Zeld the Thaumaturge (level 9, -4/45 HPs)
             Began as a Deep Elf Conjurer on June 9, 2022.
             Was an Initiate of Gozag.
             Slain by a basilisk (8 damage)
             ... while petrified by a basilisk
             ... on level 8 of the Dungeon.
             The game lasted 00:12:37 (12636 turns).

Zeld the Thaumaturge (Deep Elf Conjurer)           Turns: 12636, Time: 00:12:38

Health: -4/45      AC:  3    Str:  4    XL:     9   Next: 88%
Magic:  14/26      EV:  2    Int: 28    God:    Gozag
Gold:   722        SH:  0    Dex: 13    Spells: 16/30 levels left

rFire   . . .      SeeInvis .   a - +0 rapier (vamp)
rCold   . . .      Faith    .   (no shield)
rNeg    + + +      Spirit   .   t - +0 robe
rPois   ∞          Reflect  .   (no helmet)
rElec   .          Harm     .   (no cloak)
rCorr   .          Rampage  .   q - +0 pair of gloves
Will    .....                   (no boots)
Stlth   ++........              (no amulet)
HPRegen 0.15/turn               (no ring)
MPRegen 0.20/turn               (no ring)

@: petrified, gold aura
A: no striking features
a: Renounce Religion, Potion Petition, Call Merchant, Bribe Branch


You were on level 8 of the Dungeon.
You worshipped Gozag.
Gozag was pleased with you.
You visited 2 branches of the dungeon, and saw 9 of its levels.

You collected 817 gold pieces.
You paid 95 gold pieces to Gozag.

Inventory:

Hand Weapons
 a - a +0 vampiric rapier (weapon)
Armour
 q - a +0 pair of gloves (worn)
 t - a +0 robe (worn)
Jewellery
 g - a +6 ring of intelligence
Wands
 b - a wand of polymorph (11)
Scrolls
 d - a scroll of summoning {unknown}
 h - a scroll of holy word
 j - 3 scrolls of magic mapping
 m - 2 scrolls of blinking
 r - a scroll of fog
 u - a scroll of amnesia {unknown}
 v - 2 scrolls of teleportation {unknown}
 y - a scroll of vulnerability {unknown}
Potions
 c - 7 potions of curing {unknown}
 e - a potion of magic {unknown}
 f - a potion of resistance {unknown}
 i - a potion of degeneration {unknown}
 k - 3 potions of attraction {unknown}
 l - a potion of lignification {unknown}
 n - a potion of flight {unknown}
 o - 2 potions of mutation
 p - a potion of invisibility {unknown}
 s - a potion of cancellation {unknown}
 w - a potion of experience {unknown}
 x - 2 potions of heal wounds {unknown}


   Skills:
 + Level 4.5 Short Blades
 + Level 7.6 Dodging
 - Level 2.4 Stealth
 * Level 11.1 Spellcasting
 * Level 10.0 Conjurations
 - Level 2.0 Hexes
 - Level 2.0 Translocations


You had 16 spell levels left.
You knew the following spells:

 Your Spells              Type           Power      Damage    Failure   Level
a - Magic Dart            Conj           100%       1d8       1%          1
b - Searing Ray           Conj           100%       2d8       1%          2
c - Fulminant Prism       Conj/Hex       24%        3d13      3%          4
d - Iskenderun's Mystic   Conj/Tloc      49%        2d11      3%          4
z - Tukima's Dance        Hex            26%        N/A       4%          3

Your spell library contained the following spells:

 Spells                   Type           Power      Damage    Failure   Level
 Dazzling Flash           Conj/Hex       98%        N/A       1%          3
 Summon Small Mammal      Summ           60%        N/A       3%          1
 Corpse Rot               Necr/Air       30%        N/A       5%          2
 Poisonous Vapours        Pois/Air       30%        N/A       5%          2
 Summon Guardian Golem    Hex/Summ       21%        N/A       7%          3
 Call Canine Familiar     Summ           15%        N/A       11%         3
 Passage of Golubria      Tloc           26%        N/A       16%         4
 Anguish                  Hex/Necr       10%        N/A       24%         4
 Yara's Violent Unravell  Hex/Tmut       10%        3d6       54%         5
 Lee's Rapid Deconstruct  Erth           7%         3d8*      69%         5
 Enfeeble                 Hex            13%        N/A       100%        7


Dungeon Overview and Level Annotations

Branches:
Dungeon (8/15)             Temple (1/1) D:6
   Lair: D:8-11

Altars:
Ashenzari
Cheibriados
Elyvilon
Fedhas
Gozag
Hepliaklqana
Makhleb
Okawaru
Qazlal
Ru
Sif Muna
Trog
Uskayaw
Xom
Zin
The Shining One


Message History

Okay, then.
Okay, then.
Okay, then.
Casting: Searing Ray (safe; 1% risk of failure)
Confirm with . or Enter, or press ? or * to list all spells.
Aiming: Fulminant Prism (dangerous; 3% risk of failure)
Press: ? - help, Dir - move target You conjure a prism of explosive energy!
The wyvern hisses angrily.
A fulminant prism comes into view.
The basilisk bites your fulminant prism.
Your limbs are stiffening.
Casting: Fulminant Prism (dangerous; 3% risk of failure)
Confirm with . or Enter, or press ? or * to list all spells.
Aiming: Fulminant Prism (dangerous; 3% risk of failure)
Press: ? - help, Dir - move target You conjure a prism of explosive energy!
A fulminant prism comes into view.
The wyvern bites your fulminant prism but does no damage.
The wyvern bites your fulminant prism!
Your fulminant prism detonates feebly.
The basilisk gazes at you. You resist with some effort.
You have turned to stone.
Your fulminant prism crackles loudly.
Your fulminant prism explodes!
The blast of energy engulfs the wyvern!!
The wyvern is severely wounded.
The wyvern barely misses you. The wyvern bites you. The basilisk bites you!
The wyvern bites you. The wyvern bites you! The basilisk bites you!
The wyvern bites you! The basilisk gazes at you. You resist with some effort.
The wyvern bites you!
* * * LOW HITPOINT WARNING * * *
The wyvern is distracted by your dazzling golden aura.
The basilisk bites you!!
* * * LOW HITPOINT WARNING * * *
The basilisk bites you!
You die...
Your body crumbles into a pile of gold.

### #### #####.#####
..### ##.........###.#.#
.
##....###........####...
###..####
###...@l.....#.. ...###
#####l...$.... ####
#####.##.....# #
##....## ....#. #..####
.##.. #.## # # #########
### ######## #.......#
##......#
#.......#######.......#


You could see a basilisk and a wyvern.

Vanquished Creatures
  A komodo dragon (D:8)
  A wyvern (D:7)
  2 steam dragons
  Menkaure (D:5)
  An acid dragon (D:7)
  4 water moccasins
  2 orc warriors
  A black bear (D:4)
  A centaur (D:5)
  7 ogres
  A kobold brigand (D:7)
  2 jellies
  4 wights (D:6)
  A howler monkey (D:7)
  4 hounds
  A gnoll shaman (D:4)
  3 orc priests
  A bullfrog skeleton (D:4)
  A centaur skeleton (D:7)
  8 orc wizards
  A scorpion zombie (D:3)
  5 iguanas
  A hound skeleton (D:4)
  16 gnolls
  8 adders
  An ufetubus (D:5)
  An adder skeleton (D:5)
  2 worms
  3 dart slugs
  38 orcs
  5 endoplasms
  3 giant cockroaches (D:1)
  4 goblins
  4 hobgoblins
  7 kobolds
  2 quokkas
  4 ball pythons
  3 bats
  2 frilled lizards
  4 rats
161 creatures vanquished.

Vanquished Creatures (others)
  11 fulminant prisms
  4 toadstools (D:1)
15 creatures vanquished.

Grand Total: 176 creatures vanquished

Notes
Turn   | Place    | Note
-------+----------+-------------------------------------------
     0 | D:1      | Zeld the Deep Elf Conjurer began the quest for the Orb.
     0 | D:1      | Reached XP level 1. HP: 10/10 MP: 6/6
   338 | D:1      | Reached skill level 1 in Hexes
   338 | D:1      | Reached skill level 1 in Translocations
   338 | D:1      | Reached XP level 2. HP: 15/15 MP: 2/8
   341 | D:1      | Learned a level 2 spell: Searing Ray
  1188 | D:2      | Reached XP level 3. HP: 19/19 MP: 2/9
  2092 | D:3      | Reached XP level 4. HP: 24/24 MP: 6/11
  2093 | D:3      | Reached skill level 4 in Spellcasting
  2093 | D:3      | Reached skill level 5 in Conjurations
  2324 | D:3      | Learned a level 4 spell: Fulminant Prism
  2329 | D:3      | Learned a level 4 spell: Iskenderun's Mystic Blast
  2442 | D:3      | Reached XP level 5. HP: 27/28 MP: 0/13
  2791 | D:3      | Reached skill level 5 in Spellcasting
  2806 | D:3      | Noticed a water moccasin
  3173 | D:3      | Reached XP level 6. HP: 23/32 MP: 4/15
  3770 | D:4      | Learned a level 3 spell: Tukima's Dance
  4405 | D:4      | Reached skill level 6 in Spellcasting
  4449 | D:4      | Reached XP level 7. HP: 15/36 MP: 10/18
  5153 | D:4      | Reached skill level 5 in Dodging
  5452 | D:5      | Entered Level 5 of the Dungeon
  5460 | D:5      | Reached skill level 1 in Short Blades
  5460 | D:5      | Reached skill level 7 in Spellcasting
  5750 | D:5      | Reached XP level 8. HP: 41/41 MP: 16/21
  5863 | D:5      | Noticed Menkaure
  6628 | D:5      | Reached skill level 8 in Spellcasting
  7085 | D:5      | Killed Menkaure
  8126 | D:5      | Reached skill level 9 in Spellcasting
  8411 | D:6      | HP: 2/41 [something (4)]
  8843 | D:6      | Found a staircase to the Ecumenical Temple.
  8871 | Temple   | Entered the Ecumenical Temple
  8923 | Temple   | Became a worshipper of Gozag Ym Sagoz the Greedy
  9228 | D:6      | Reached XP level 9. HP: 45/45 MP: 19/24
  9909 | D:6      | Found a bloodstained altar of Trog.
 10155 | D:6      | Reached skill level 10 in Spellcasting
 11145 | D:7      | Noticed a +0 spear
 11145 | D:7      | Noticed a +0 spear
 11146 | D:7      | Noticed a +0 dagger
 11146 | D:7      | Noticed a +0 short sword
 11146 | D:7      | Noticed a +0 falchion
 11147 | D:7      | Noticed a +0 falchion
 11147 | D:7      | Noticed a +0 short sword
 11147 | D:7      | Noticed a +0 dagger
 11165 | D:7      | Found a hide-covered altar of Uskayaw.
 12121 | D:8      | Found a shimmering altar of Xom.
 12185 | D:8      | Found a white marble altar of Elyvilon.
 12346 | D:8      | Noticed a komodo dragon
 12360 | D:8      | Killed a komodo dragon
 12361 | D:8      | Reached skill level 11 in Spellcasting
 12361 | D:8      | Reached skill level 10 in Conjurations
 12636 | D:8      | Slain by a basilisk

Illustrated notes

Levels and vault maps discovered:
D:1:      ldierk_walled_garden_2, layout_loops_ring, minmay_tiny_reverse_x
D:2:      layout_loops_cross
D:3:      layout_loops_ring
D:4:      layout_basic, serial_bayou_ford_a
D:5:      layout_gridville, minivault_23, uniq_menkaure
D:6:      layout_layer_cave, trog_book, temple_pool_b
D:7:      layout_basic, nicolae_uskayaw_en_pointe
D:8:      layout_rooms, nicolae_overflow_quartered_altars, erik_lair_dragon
Temple:   minmay_temple_bridge_abc

Skill      XL: |  1  2  3  4  5  6  7  8  9 |
---------------+----------------------------+-----
Hexes          | 1 2 |  2.0
Translocations | 1 2 |  2.0
Dodging        | 3 4 5 6 7 |  7.6
Spellcasting   | 4 5 6 7 9 11 | 11.1
Conjurations   | 5 6 7 8 10 | 10.0
Short Blades   | 1 3 4 |  4.5
Stealth        | |  2.4

Action                   |  1- 3 |  4- 6 |  7- 9 || total
-------------------------+-------+-------+-------++-------
Melee: Unarmed           |       |     2 |       ||     2
       Rapier            |       |       |     4 ||     4
 Cast: Magic Dart        |    58 |    33 |    50 ||   141
       Searing Ray       |     5 |    25 |    68 ||    98
       Tukima's Dance    |       |     2 |     7 ||     9
       Iskenderun's Myst |       |       |    12 ||    12
       Fulminant Prism   |       |       |    11 ||    11
  Use: Scroll            |       |       |    10 ||    10
Armor: Robe              |     2 |     2 |     9 ||    13
Dodge: Dodged            |     5 |    20 |    42 ||    67
